cohdb
Replays
Latest Replays
All Replays
Popular Replays
Top Player Replays
Match Explorer
How It Works
Community
CoH3 Stats
Reddit
Sign in to upload your games and track your stats! →
Sign in with Steam
4VS4 mid ladder a great team harmony
Match 41751205
Overview
Messages
Build Orders
End
Construct Infanterie Kompanie
Kettenkrad Recon Vehicle
MG 42 Machine Gun Team
MG 42 Machine Gun Team
Grenadier Squad
Selects Terror Battlegroup
Selects Machine Gun Camouflage
Grenadier Squad
Selects Interrogate
Construct Luftwaffe Kompanie
221 Scout Car
Medical Bunker
Jäger Squad
Support Elements
Wirbelwind Flakpanzer
Selects No Quarter
Marder III M Tank Destroyer
Marder III M Tank Destroyer
Marder III M Tank Destroyer
Kettenkrad Recon Vehicle
Selects Propaganda Leaflet Drop
Propaganda Leaflet Drop
Construct Panzer Kompanie
Propaganda Leaflet Drop
Selects V1 Rocket Strike
V1 Rocket Strike
Panzer IV Medium Tank
Panzer IV Medium Tank
V1 Rocket Strike
The sexy Ginger
mentoss
pupil3030
Billy
Boom
Leveuille
祈鱼
76561197987473845
0
0
Comments
sign in to comment!
No comments posted yet!